 Dungeon Crawl Stone Soup version 0.17-a0-777-g32247ce (webtiles) character file.

149 Pnognoglozu the Skirmisher (level 5, -1/42 HPs)
             Began as a Demonspawn Abyssal Knight on Apr 25, 2015.
             Was a Believer of Lugonu.
             Slain by an orc priest
             ... wielding a +0 club
              (3 damage)
             ... on level 3 of the Dungeon.
             The game lasted 00:11:52 (4641 turns).

Pnognoglozu the Skirmisher (DsAK)                   Turns: 4641, Time: 00:11:52

Health: -1/42      AC:  5    Str: 12    XL:     5   Next: 9%
Magic:  7/7        EV: 12    Int: 13    God:    Lugonu [**....]
Gold:   194        SH:  0    Dex: 14    Spells: 0 memorised, 4 levels left

rFire  . . .     SeeInvis .     a - +1 falchion
rCold  . . .     Clarity  .     b - +0 leather armour
rNeg   . . .     SustAb   .     (no shield)
rPois  .         Gourm    .     (helmet restricted)
rElec  .         Spirit   .     (no cloak)
rCorr  .         Warding  .     j - +0 pair of gloves
rMut   .         Stasis   .     (no boots)
MR     .....                    (no amulet)
Stlth  +.........               (no ring)
                                (no ring)

@: not resistant to hostile enchantments, very unstealthy
A: antennae 1, icy blue scales 1
a: Depart the Abyss, Bend Space, Renounce Religion


You were on level 3 of the Dungeon.
You worshipped Lugonu.
Lugonu was pleased with you.
You were very hungry.

You visited 1 branch of the dungeon, and saw 3 of its levels.
You visited the Abyss 1 time.

You collected 194 gold pieces.

Inventory:

Hand weapons
 a - a +1 falchion (weapon)
Armour
 b - a +0 leather armour (worn)
 j - a +0 pair of gloves (worn)
Jewellery
 r - an uncursed ring of poison resistance {unknown}
 u - an uncursed ring of poison resistance {unknown}
Scrolls
 d - 2 scrolls of recharging {unknown}
 e - 5 scrolls of identify {unknown}
 k - a scroll of magic mapping {unknown}
 o - a scroll of remove curse {unknown}
 s - a scroll of immolation {unknown}
Potions
 f - a potion of agility {unknown}
 g - a potion of curing {unknown}
 h - a potion of heal wounds {unknown}
 i - a potion of lignification {unknown}
 l - a potion of cure mutation {unknown}
 p - a potion of poison {unknown}
 t - a potion of might {unknown}
Comestibles
 c - 2 bread rations
 m - a slice of pizza
 n - 2 meat rations


   Skills:
 + Level 3.9 Fighting
 + Level 2.1 Long Blades
 + Level 3.1 Armour
 + Level 2.0 Dodging
 + Level 3.4 Invocations


You had 4 spell levels left.
You didn't know any spells.

Dungeon Overview and Level Annotations

Branches:
Dungeon (3/15)

Altars:
Dithmenos
Fedhas
Gozag
Sif Muna
Trog
The Shining One


Innate Abilities, Weirdness & Mutations

You have a pair of small antennae on your head.
You are partially covered in icy blue scales (AC +1).


Message History

The orc priest is almost dead.
The orc priest glows brightly for a moment.
The orc priest hits you but does no damage.
You hit the orc priest.
The orc priest is almost dead.
The orc priest closely misses you.
You hit the orc priest but do no damage.
The orc priest is almost dead.
The orc priest mumbles some strange prayers to Beogh against you.
Something smites you!
* * * LOW HITPOINT WARNING * * *
You are too injured to fight recklessly!
You hit the orc priest but do no damage.
The orc priest is almost dead.
The orc priest hits you with a club.
* * * LOW HITPOINT WARNING * * *
You hit the orc priest but do no damage.
The orc priest is almost dead.
The orc priest hits you with a club.
You die...

# ##.# #...# ###.######. # #..#
###.# #o......) # #.##
#.######..#####. # #.#
####.........#####. # #.#
#..................
#######.#######.#########.#######
................# #.#
#######)#####.#.## #.#
#......###@########.#
#######.#..o........#
##.############ ###


You could see an orc priest.

Vanquished Creatures
  An orc wizard (D:3)
  4 adders
  5 worms
  4 giant geckos
  4 orcs (D:3)
  A ball python (D:1)
  10 bats
  3 giant cockroaches
  2 hobgoblins (D:2)
  3 jackals (D:1)
  13 kobolds
  2 quokkas
  7 giant newts
  9 goblins
  6 rats
74 creatures vanquished.

Notes
Turn   | Place    | Note
--------------------------------------------------------------
     0 | Abyss:1  | Pnognoglozu, the Demonspawn Abyssal Knight, began the quest for the Orb.
     0 | Abyss:1  | Reached XP level 1. HP: 18/18 MP: 2/2
    39 | Abyss:1  | Noticed a large abomination
    57 | Abyss:1  | Noticed an iron imp
    71 | Abyss:1  | Noticed a small abomination
   132 | Abyss:1  | Noticed a large abomination
   151 | Abyss:1  | Noticed a small abomination
   163 | Abyss:1  | Noticed a rust devil
   163 | Abyss:1  | Noticed a wraith
   165 | D:1      | Escaped the Abyss
   479 | D:1      | Reached skill level 1 in Dodging
   497 | D:1      | Acquired Lugonu's first power
   808 | D:1      | Gained mutation: You have a pair of small antennae on your head. [demonic ancestry]
   808 | D:1      | Reached XP level 2. HP: 22/24 MP: 3/3
  1523 | D:2      | Found a bloodstained altar of Trog.
  1566 | D:2      | Gained mutation: You are partially covered in icy blue scales (AC +1). [demonic ancestry]
  1566 | D:2      | Reached XP level 3. HP: 21/29 MP: 4/4
  2466 | D:2      | Found a shadowy altar of Dithmenos.
  2834 | D:2      | Acquired Lugonu's second power
  2943 | D:3      | Reached XP level 4. HP: 33/36 MP: 6/6
  3123 | D:3      | Found a deep blue altar of Sif Muna.
  3125 | D:3      | Found an opulent altar of Gozag.
  3129 | D:3      | Found a blossoming altar of Fedhas.
  3129 | D:3      | Found a glowing golden altar of the Shining One.
  4162 | D:3      | Reached XP level 5. HP: 26/42 MP: 7/7
  4640 | D:3      | HP: 2/42 [orc priest/club (3)]
  4641 | D:3      | Slain by an orc priest

Action                   |  1- 3 |  4- 6 || total
-------------------------+-------+-------++-------
Melee: Falchion          |   176 |   120 ||   296
Invok: Depart the Abyss  |     1 |       ||     1
 Stab: Sleeping          |     1 |     1 ||     2
  Eat: Chunk             |     7 |     4 ||    11
